AoeStats
← psigemo

Arena

510801995Analyzed
1v1 RM · 9h ago on Oct 2, 2026· 87m 25s· 2 players
Game mode
Random Map
Map size
Tiny (2 player)
Population
200
Speed
Normal
Resources
Standard
Victory
Conquest
Starting age
Dark Age
Ending age
Imperial Age
RankedLock teamsTeams togetherTeam positionsShared explorationLock speedFull tech treeHidden civsTurbo modeCheats
Victory
Defeat
🇩🇪 Franks · Germany
992
+17
🇨🇴 Mongols · Colombia
1009
-17
Spironolacton
12:05 Feudal Age
16:36 Castle Age
14:33 Double-Bit Axe
16:36 Loom
17:10 Elite Skirmisher
20:07 Bow Saw
27:24 Padded Archer Armor
27:17 Fletching
28:59 Wheelbarrow
29:10 Scale Barding Armor
29:37 Forging
30:10 Leather Archer Armor
29:54 Bodkin Arrow
31:38 Chain Barding Armor
31:53 Iron Casting
31:12 Pikeman
33:38 Scale Mail Armor
38:12 Imperial Age
36:01 Hand Cart
36:48 Chain Mail Armor
36:54 Fortified Wall
36:40 Murder Holes
36:57 Masonry
38:47 Husbandry
38:20 Cavalier
38:43 Halberdier
40:22 Plate Barding Armor
41:29 Blast Furnace
41:50 Chemistry
42:24 Plate Mail Armor
42:45 Careening
42:43 Siege Engineers
46:08 Paladin
67:26 Arson
88:08 Architecture
87:25 Arrowslits
psigemo
11:27 Feudal Age
12:35 Double-Bit Axe
16:29 Castle Age
15:02 Horse Collar
16:35 Forging
17:57 Bow Saw
19:32 Wheelbarrow
20:44 Bloodlines
20:34 Husbandry
20:46 Gold Mining
21:34 Loom
22:11 Husbandry
24:13 Loom
24:51 Scale Barding Armor
28:39 Chain Barding Armor
29:00 Gold Shaft Mining
29:42 Iron Casting
29:32 Town Watch
40:35 Imperial Age
37:51 Loom
39:30 Gold Shaft Mining
38:58 Heavy Plow
39:14 Fortified Wall
39:18 Masonry
39:24 Fletching
39:35 Padded Archer Armor
39:05 Light Cavalry
40:20 Ballistics
40:24 Stone Mining
41:35 Hand Cart
41:54 Conscription
42:50 Blast Furnace
42:15 Elite Mangudai
43:26 Parthian Tactics
44:08 Chemistry
43:05 Bodkin Arrow
43:26 Leather Archer Armor
43:52 Thumb Ring
44:02 Hussar
51:49 Siege Engineers
77:15 Hoardings
Connection lost

Rejoining the realm…

Still unreachable

The connection could not be restored.

Session expired

The server has moved on; the page needs a fresh start.